AoeStats
← noobgamer

Arabia

510545497Analyzed
1v1 RM · 1d ago on Oct 1, 2026· 42m 56s· 2 players
Game mode
Random Map
Map size
Tiny (2 player)
Population
200
Speed
Normal
Resources
Standard
Victory
Conquest
Starting age
Dark Age
Ending age
Imperial Age
RankedLock teamsTeams togetherTeam positionsShared explorationLock speedFull tech treeHidden civsTurbo modeCheats
Victory
Defeat
🇨🇳 Teutons · China
918
+16
🇫🇷 Turks · France
926
-16
noobgamer
0:27 Loom
11:30 Feudal Age
12:11 Double-Bit Axe
12:55 Man-at-Arms
17:38 Horse Collar
23:30 Forging
23:48 Arson
26:50 Castle Age
26:09 Stone Mining
26:15 Fletching
28:00 Bow Saw
27:38 Town Watch
27:37 Pikeman
29:42 Squires
30:37 Heavy Plow
33:56 Wheelbarrow
37:18 Iron Casting
36:43 Scale Mail Armor
36:39 Bodkin Arrow
40:13 Hand Cart
39:50 Gold Mining
42:19 Ballistics
42:49 Stone Shaft Mining
Yakdal
12:40 Loom
15:06 Feudal Age
16:35 Bloodlines
23:08 Forging
25:26 Scale Barding Armor
28:07 Castle Age
32:40 Husbandry
Connection lost

Rejoining the realm…

Still unreachable

The connection could not be restored.

Session expired

The server has moved on; the page needs a fresh start.